 Dungeon Crawl Stone Soup version 0.23-a0-636-g0ff6057 (webtiles) character file.

28 galech the Skirmisher (level 3, 29/29 HPs)
             Began as a Demonspawn Fighter on Dec 28, 2018.
             Quit the game on level 2 of the Dungeon.
             The game lasted 00:00:53 (734 turns).

galech the Skirmisher (Demonspawn Fighter)           Turns: 734, Time: 00:00:53

Health: 29/29      AC:  9    Str: 16    XL:     3   Next: 0%
Magic:  3/3        EV:  4    Int:  9    God:
Gold:   39         SH:  9    Dex: 13    Spells: 2/2 levels left

rFire    . . .     SeeInvis .   a - +0 war axe
rCold    . . .     Gourm    .   c - +0 shield
rNeg     . . .     Faith    .   h - +0 chain mail
rPois    .         Spirit   .   (helmet restricted)
rElec    .         Reflect  .   (no cloak)
rCorr    .         Harm     .   (no gloves)
MR       .....                  (no boots)
Stlth    ..........             (no amulet)
HPRegen  0.09/turn              (no ring)
MPRegen  0.08/turn              (no ring)

@: no status effects
A: antennae 1, talons 1
a: no special abilities


You were on level 2 of the Dungeon.
You were not hungry.

You visited 1 branch of the dungeon, and saw 2 of its levels.

You collected 39 gold pieces.

Inventory:

Hand Weapons
 a - a +0 war axe (weapon)
Armour
 b - a +0 scale mail
 c - a +0 shield (worn)
 h - a +0 chain mail (worn)
Scrolls
 e - a scroll of noise {unknown}
 i - a scroll of magic mapping {unknown}
 j - a scroll of fog {unknown}
 l - a scroll of identify {unknown}
Potions
 d - 2 potions of might
 k - a potion of flight {unknown}
Comestibles
 f - 3 rations


   Skills:
 + Level 3.3 Fighting
 + Level 2.1 Axes
 + Level 2.9 Armour
 + Level 0.2 Dodging
 + Level 3.0 Shields


You had 2 spell levels left.
You didn't know any spells.
Your spell library was empty.

Dungeon Overview and Level Annotations

Branches:
Dungeon (2/15)

Altars:
Zin


Innate Abilities, Weirdness & Mutations

You have a pair of small antennae on your head.
You have sharp toenails.


Message History

a +0 hunting sling; 11 stones There isn't anything to butcher here.
A rat comes into view.
The rat moves out of view.
The rat is too close now for your liking.
The rat bites you but does no damage.
You closely miss the rat. The rat completely misses you.
You block the rat's attack.
You slash the rat!
You kill the rat!
You have reached level 3!
Your experience leads to an increase in your attributes!
Increase (S)trength, (I)ntelligence, or (D)exterity?
You feel agile.
Your demonic ancestry asserts itself...
Your toenails lengthen and sharpen.
Found 18 arrows.
Found a hand axe and a robe.
Autopickup is now off.
Autopickup is now on.
Are you sure you want to abandon this character and quit the game? (Confirm

##......_......######.##
..####...##............
#.# ##.###.).....##.##
#.###..####.#####
#......##........
#......####.#####
##.###.## #.# #..# #.#
#.# #@## #.# #.#
).......# #(# #.#
#........ #.# #.#
#######.#[ #.# ### .....
.# ### ##


There were no monsters in sight!

Vanquished Creatures
  An adder (D:2)
  2 bats (D:1)
  A giant cockroach (D:1)
  4 hobgoblins (D:1)
  2 jackals (D:2)
  A kobold (D:1)
  3 frilled lizards (D:1)
  2 goblins
  2 rats (D:2)
18 creatures vanquished.

Notes
Turn   | Place    | Note
-------+----------+-------------------------------------------
     0 | D:1      | galech the Demonspawn Fighter began the quest for the Orb.
     0 | D:1      | Reached XP level 1. HP: 18/18 MP: 1/1
   176 | D:1      | Gained mutation: You have a pair of small antennae on your
                  | head. [demonic ancestry]
   176 | D:1      | Reached XP level 2. HP: 21/24 MP: 2/2
   682 | D:2      | Found a glowing silver altar of Zin.
   707 | D:2      | Gained mutation: You have sharp toenails. [demonic
                  | ancestry]
   707 | D:2      | Reached XP level 3. HP: 29/29 MP: 3/3
   734 | D:2      | Quit the game

Vault maps used:
D:1:      dpeg_arrival_tiny_i
D:2:      nicolae_overflow_crystal_walls

Skill      XL: |  1  2 |
---------------+-------+-----
Axes           | 2 |  2.1
Shields        | 3 |  3.0
Fighting       | |  3.3
Armour         | |  2.9
Dodging        | |  0.2

Action                   || total
-------------------------++-------
Melee: War axe           ||    69
Armor: Scale mail        ||    10
       Chain mail        ||    29
Dodge: Dodged            ||    18
Block: Shield            ||    48

Table legend:
 A = Non-vault XP
 B = Vault XP
 C = Vault XP percentage of total XP
 D = Non-vault monster count
 E = Vault monster count
 F = Vault count percentage of total count
                 A         B        C        D         E       F
            +---------+---------+-------+---------+---------+-------
      Total |      41 |       0 |   0.0 |      18 |       0 |   0.0
            +---------+---------+-------+---------+---------+-------
        D:1 |      19 |       0 |   0.0 |      12 |       0 |   0.0
        D:2 |      22 |       0 |   0.0 |       6 |       0 |   0.0
            +---------+---------+-------+---------+---------+-------
